 Dungeon Crawl Stone Soup version 0.28-a0-1184-g53156a8862 (webtiles) character file.

Game seed: 5996739849003384778

50 ytrimaz the Covered (level 3, 0/31 HPs)
             Began as a Demigod Fighter on Dec 17, 2021.
             Slain by a kobold (1 damage)
             ... on level 2 of the Dungeon.
             The game lasted 00:01:31 (1502 turns).

ytrimaz the Covered (Demigod Fighter)               Turns: 1502, Time: 00:01:32

Health: 0/31       AC:  6    Str: 21    XL:     3   Next: 35%
Magic:  5/5        EV:  9    Int: 16    God:
Gold:   40         SH:  4    Dex: 13    Spells: 2/2 levels left

rFire   . . .      SeeInvis .   a - +0 flail
rCold   . . .      Faith    .   c - +0 buckler
rNeg    . . .      Spirit   .   b - +0 scale mail
rPois   .          Reflect  .   (no helmet)
rElec   .          Harm     .   (no cloak)
rCorr   .          Rampage  .   (no gloves)
Will    .....                   (no boots)
Stlth   ..........              (no amulet)
HPRegen 0.10/turn               g - +6 ring of intelligence
MPRegen 0.09/turn               (no ring)

@: no status effects
A: high mp 1, forlorn, divine attributes
a: no special abilities


You were on level 2 of the Dungeon.
You visited 1 branch of the dungeon, and saw 2 of its levels.

You collected 40 gold pieces.

Inventory:

Hand Weapons
 a - a +0 flail (weapon)
Armour
 b - a +0 scale mail (worn)
 c - a +0 buckler (worn)
 h - a +0 kite shield
Jewellery
 g - a +6 ring of intelligence (left hand)
Scrolls
 f - a scroll of teleportation {unknown}
Potions
 d - a potion of might
 e - 3 potions of curing


   Skills:
 + Level 3.0 Fighting
 + Level 2.3 Maces & Flails
 + Level 3.2 Armour
 + Level 3.1 Shields


You had 2 spell levels left.
You didn't know any spells.
Your spell library contained the following spells:

 Spells                   Type           Power      Damage    Failure   Level
 Animate Skeleton         Necr           0%         N/A       58%         1
 Pain                     Necr           0%         1d4       58%         1
 Vampiric Draining        Necr           0%         2d6       92%         3


Dungeon Overview and Level Annotations

Branches:
Dungeon (2/15)


Innate Abilities, Weirdness & Mutations

You have an increased reservoir of magic. (+10% MP)
You shall have no god before yourself.
Your divine heritage dramatically boosts your attributes as you level up.


Message History

You are too injured to fight recklessly!
You are too injured to fight recklessly!
You are too injured to fight recklessly!
You are too injured to fight recklessly!
Unknown command.
You feel sick. You block the kobold's attack.
You feel sick.
You sock the kobold!
You kill the kobold!
You feel sick.
You are no longer poisoned.
You closely miss the kobold. The kobold barely misses you.
You closely miss the kobold. You block the kobold's attack.
The kobold closely misses you.
You hit the kobold but do no damage.
The kobold hits you with a +0 short sword.
* * * LOW HITPOINT WARNING * * *
The kobold closely misses you.
Unknown command.
You closely miss the kobold. You block the kobold's attack. x2
The kobold hits you with a +0 short sword.
* * * LOW HITPOINT WARNING * * *
You block the kobold's attack.
You closely miss the kobold.
The kobold hits you but does no damage. x2
Unknown command.
You hit the kobold.
The kobold is severely wounded.
The kobold misses you. The kobold hits you but does no damage.
Unknown command.
You closely miss the kobold.
The kobold is severely wounded.
The kobold hits you with a +0 short sword.
* * * LOW HITPOINT WARNING * * *
You block the kobold's attack. The kobold barely misses you.
The kobold hits you with a +0 short sword.
* * * LOW HITPOINT WARNING * * *
You sock the kobold!
You kill the kobold!
The kobold hits you with a +0 short sword.
You die...

#$....##.#
#.K....'.##
......K'..#
....K..K..#
......##..#
..(.. ##)#
#### #).#
## ####)##
#.###..K@#
#.#.#####
#.### #...#
###.# #.#
## #.# #≈
#.# # #≈
#.#


You could see a kobold.

Vanquished Creatures
  An adder (D:2)
  2 dart slugs (D:1)
  4 ball pythons (D:1)
  3 bats (D:1)
  2 endoplasms (D:1)
  5 giant cockroaches
  3 hobgoblins
  2 quokkas (D:1)
  A frilled lizard (D:1)
  9 kobolds
  5 rats (D:1)
37 creatures vanquished.

Vanquished Creatures (others)
  10 toadstools (D:2)
10 creatures vanquished.

Grand Total: 47 creatures vanquished

Notes
Turn   | Place    | Note
-------+----------+-------------------------------------------
     0 | D:1      | ytrimaz the Demigod Fighter began the quest for the Orb.
     0 | D:1      | Reached XP level 1. HP: 18/18 MP: 3/3
   255 | D:1      | Reached XP level 2. HP: 25/25 MP: 4/4
   836 | D:1      | Reached XP level 3. HP: 30/31 MP: 5/5
  1501 | D:2      | HP: 1/31 [kobold (2)]
  1502 | D:2      | Slain by a kobold

Illustrated notes

Levels and vault maps discovered:
D:1:      saegor_arrival_simple_c, layout_basic, minmay_pentomino_q4
D:2:      cheibrodos_fertilizer, layout_loops_ring,
          chequers_serial_rivers_micro_a

Skill      XL: |  1  2 |
---------------+-------+-----
Fighting       | 3 |  3.0
Armour         | 3 |  3.2
Maces & Flails | 2 |  2.3
Shields        | 3 |  3.1

Action                   || total
-------------------------++-------
Melee: Flail             ||   111
  Use: Scroll            ||     3
Armor: Scale mail        ||    66
Dodge: Dodged            ||    80
Block: Buckler           ||    33

Table legend: (Time is in decaauts)
 A = Elapsed time spent in this place.
 B = Non-inter-level travel time spent in this place.
 C = Inter-level travel time spent in this place.
 D = Time resting spent in this place.
 E = Time spent auto-exploring this place.
 F = Levels seen in this place.
 G = Mean time per level.
                   A        B        C        D        E       F      G
               +--------+--------+--------+--------+--------+-----+--------+
         Total |   1536 |   1481 |     55 |      0 |   1189 |   2 |  768.0 |
       Dungeon |   1536 |   1481 |     55 |      0 |   1189 |   2 |  768.0 |
               +--------+--------+--------+--------+--------+-----+--------+

Top non-repeatable levels by time:
     D:1: 1087 daAuts
     D:2: 448 daAuts
